 Dungeon Crawl Stone Soup version 0.32-a0-306-gfed3edf829 (webtiles) character file.

Game seed: 7505179198491036548

394 Dittersdorf the Trooper (level 6, -1/40 HPs)
             Began as a Gargoyle Fighter on Feb 14, 2024.
             Killed from afar by Natasha (8 damage)
             ... with a magic dart
             ... on level 3 of the Dungeon.
             The game lasted 00:01:52 (1939 turns).

Dittersdorf the Trooper (Gargoyle Fighter)          Turns: 1939, Time: 00:01:52

Health: -1/40      AC: 12    Str: 21    XL:     6   Next: 82%
Magic:  6/6        EV: 14    Int:  9    God:
Gold:   32         SH:  4    Dex:  9    Spells: 5/5 levels left

rFire   . . .        a - +1 flail
rCold   . . .        c - +0 buckler
rNeg    + . .        b - +0 scale mail
rPois   ∞            i - +0 helmet
rElec   +            (no cloak)
rCorr   .            (no gloves)
SInv    .            (no boots)
Will    .....        o - amulet of the acrobat Stlth
                     q - +5 ring of evasion
HPRegen 0.26/turn    (no ring)
MPRegen 0.10/turn

%: acrobat
@: slowed, very slow
A: sickness immunity, AC +4, negative energy resistance 1, electricity
resistance, torment resistance 1, petrification resistance
a: no special abilities


You were on level 3 of the Dungeon.
You visited 1 branch of the dungeon, and saw 3 of its levels.

You collected 32 gold pieces.

Inventory:

Hand Weapons
 a - a +1 flail (weapon)
Missiles
 s - 3 curare-tipped darts (quivered)
Armour
 b - a +0 scale mail (worn)
 c - a +0 buckler (worn)
 i - a +0 helmet (worn)
Jewellery
 o - an amulet of the acrobat (around neck)
 q - a +5 ring of evasion (left hand)
Scrolls
 e - a scroll of immolation {unknown}
 f - a scroll of blinking {unknown}
 j - 2 scrolls of identify {unknown}
 k - a scroll of brand weapon {unknown}
 n - a scroll of fear {unknown}
 r - a scroll of teleportation {unknown}
Potions
 d - a potion of might
 g - a potion of lignification {unknown}
 h - 2 potions of magic {unknown}
 l - a potion of ambrosia {unknown}
 m - a potion of haste {unknown}
 p - a potion of curing {unknown}


   Skills:
 + Level 5.0 Fighting
 + Level 3.8 Maces & Flails
 + Level 4.9 Armour
 + Level 4.9 Shields


You had 5 spell levels left.
You didn't know any spells.
Your spell library contained the following spells:

 Spells                   Type           Power      Damage    Failure   Level
 Fugue of the Fallen      Necr           0%         N/A       98%         3
 Ozocubu's Armour         Ice            0%         N/A       98%         3
 Manifold Assault         Tloc           0%         N/A       100%        4


Dungeon Overview and Level Annotations

Branches:
Dungeon (3/15)

Altars:

Annotations:
D:3 1 runed translucent door, Crazy Yiuf, Natasha


Innate Abilities, Weirdness & Mutations

You are immune to sickness and miasma.
Your stone body is resilient. (AC +4)
You are immune to poison.
You resist negative energy. (rN+)
You are resistant to electric shocks. (rElec)
You are resistant to unholy torment.
You are immune to petrification.


Message History

You hit Natasha but do no damage.
Natasha is heavily wounded.
The cerulean imp hits you but does no damage.
You block Natasha's attack. The cerulean imp closely misses you.
Natasha barely misses you. You block the cerulean imp's attack.
You closely miss Natasha.
Natasha is heavily wounded.
You block the cerulean imp's attack. The cerulean imp closely misses you.
You block Natasha's attack. The cerulean imp barely misses you.
You hit Natasha.
Natasha is almost dead.
You block Natasha's attack. You block the cerulean imp's attack.
The cerulean imp hits you with a +0 spear.
The cerulean imp hits you but does no damage.
Natasha casts a spell at you. The magic dart hits you.
The cerulean imp hits you with a +0 spear.
* * * LOW HITPOINT WARNING * * *
You closely miss Natasha.
Natasha is almost dead.
The cerulean imp misses you. Natasha claws you but does no damage.
The cerulean imp hits you but does no damage. x2
Natasha claws you.
* * * LOW HITPOINT WARNING * * *
The cerulean imp hits you with a +0 spear.
* * * LOW HITPOINT WARNING * * *
You barely miss Natasha.
Natasha is almost dead.
The cerulean imp barely misses you. Natasha barely misses you.
The cerulean imp closely misses you. The cerulean imp misses you.
Natasha misses you. You block the cerulean imp's attack.
You barely miss Natasha.
Natasha is almost dead.
You block the cerulean imp's attack. Natasha claws you but does no damage.
The cerulean imp misses you.
The cerulean imp hits you but does no damage.
Natasha stares at you and mumbles some strange words.
The magic dart hits you!
You die...
Natasha begins licking her fur clean.

#+# #.#
#.#######.#
#...h@5...##
.....##5#....##
.## #.###....#
..# ##...# [.#
##..########
###
##.#.........
#..##########
#.#.# #.##.#


You could see Natasha and 2 cerulean imps.

Vanquished Creatures
  Sigmund (D:2)
  An orc priest (D:3)
  A sleepcap (D:3)
  An iguana (D:3)
  Robin (D:2)
  A gnoll (D:1)
  An adder (D:2)
  A dart slug (D:2)
  2 orcs (D:3)
  6 endoplasms
  2 giant cockroaches (D:2)
  7 hobgoblins
  5 kobolds
  8 ball pythons
  7 bats
  15 goblins
  9 rats
69 creatures vanquished.

Notes
Turn   | Place    | Note
-------+----------+-------------------------------------------
     0 | D:1      | Dittersdorf the Gargoyle Fighter began the quest for the
                  | Orb.
     0 | D:1      | Reached XP level 1. HP: 14/14 MP: 1/1
    48 | D:1      | Reached XP level 2. HP: 19/19 MP: 2/2
   123 | D:1      | Reached XP level 3. HP: 23/23 MP: 3/3
   568 | D:2      | Reached XP level 4. HP: 29/29 MP: 4/4
   719 | D:2      | Noticed Sigmund
   734 | D:2      | Killed Sigmund
   735 | D:2      | Reached skill level 4 in Fighting
   735 | D:2      | Reached XP level 5. HP: 26/34 MP: 5/5
   735 | D:2      | Reached XP level 6. HP: 30/39 MP: 6/6
   783 | D:2      | Noticed Robin
   811 | D:2      | Killed Robin
  1407 | D:3      | Found a runed translucent door.
  1408 | D:3      | Noticed Crazy Yiuf
  1771 | D:3      | Reached skill level 5 in Fighting
  1910 | D:3      | Noticed Natasha
  1939 | D:3      | Killed from afar by Natasha

Illustrated notes

Levels and vault maps discovered:
D:1:      enne_arrival_octagon_isle, layout_basic
D:2:      layout_loops_ring, uniq_robin, uniq_sigmund
D:3:      layout_loops_corners, old_standard_altar, serial_shops, shop,
          uniq_natasha, uniq_crazy_yiuf_cottage

Skill      XL: |  1  2  3  4  5  6 |
---------------+-------------------+-----
Fighting       | 4 5 |  5.0
Maces & Flails | 3 |  3.8
Armour         | 4 |  4.9
Shields        | 4 |  4.9

Action                     |  1- 3 |  4- 6 || total
---------------------------+-------+-------++-------
  Melee: Flail             |    69 |   171 ||   240
    Use: Scroll            |     1 |       ||     1
 Armour: Scale mail        |    37 |   146 ||   183
  Dodge: Dodged            |    20 |   108 ||   128
  Block: Buckler           |    18 |    46 ||    64

Table legend: (Time is in decaauts)
 A = Elapsed time spent in this place.
 B = Non-inter-level travel time spent in this place.
 C = Inter-level travel time spent in this place.
 D = Time resting spent in this place.
 E = Time spent auto-exploring this place.
 F = Levels seen in this place.
 G = Mean time per level.
                   A        B        C        D        E       F      G
               +--------+--------+--------+--------+--------+-----+--------+
         Total |   2022 |   1945 |     77 |    124 |   1296 |   3 |  674.0 |
       Dungeon |   2022 |   1945 |     77 |    124 |   1296 |   3 |  674.0 |
               +--------+--------+--------+--------+--------+-----+--------+

Top non-repeatable levels by time:
     D:2: 848 daAuts
     D:3: 638 daAuts
     D:1: 535 daAuts
